 Dungeon Crawl Stone Soup version 0.23.2-40-g277498a001 (webtiles) character file.

Game seed: 14591646073384457145

72 potatosalad14 the Slasher (level 4, -1/37 HPs)
             Began as a Draconian Gladiator on Oct 19, 2019.
             Was an Initiate of Okawaru.
             Slain by Grinder (5 damage)
             ... on level 3 of the Dungeon.
             The game lasted 00:02:55 (1862 turns).

potatosalad14 the Slasher (Draconian Gladiator)     Turns: 1862, Time: 00:02:56

Health: -1/37      AC:  5    Str: 16    XL:     4   Next: 7%
Magic:  4/4        EV: 13    Int:  8    God:    Okawaru [......]
Gold:   75         SH:  0    Dex: 14    Spells: 3/3 levels left

rFire    . . .     SeeInvis .   a - +0 long sword
rCold    . . .     Gourm    .   (no shield)
rNeg     . . .     Faith    .   (armour unavailable)
rPois    .         Spirit   .   b - +0 hat
rElec    .         Reflect  .   (no cloak)
rCorr    .         Harm     .   (no gloves)
MR       .....                  (no boots)
Stlth    +.........             (no amulet)
HPRegen  0.12/turn              (no ring)
MPRegen  0.09/turn              (no ring)

@: no status effects
A: unfitting armour, cold-blooded, AC +5
a: Renounce Religion


You were on level 3 of the Dungeon.
You worshipped Okawaru.
Okawaru was noncommittal.
You were not hungry.

You visited 1 branch of the dungeon, and saw 3 of its levels.

You collected 75 gold pieces.

Inventory:

Hand Weapons
 a - a +0 long sword (weapon)
Missiles
 c - 3 throwing nets (quivered)
Armour
 b - a +0 hat (worn)
Scrolls
 e - a scroll of enchant armour {unknown}
 h - a scroll of blinking {unknown}
 i - a scroll of fear {unknown}
 k - 3 scrolls of magic mapping {unknown}
 m - 4 scrolls of enchant weapon {unknown}
 o - a scroll of amnesia {unknown}
 p - a scroll of fog {unknown}
 q - a scroll of teleportation {unknown}
Potions
 f - a potion of flight {unknown}
 g - a potion of might {unknown}
 j - a potion of mutation {unknown}
 l - a potion of ambrosia {unknown}
Comestibles
 d - 4 rations
 n - a chunk of flesh


   Skills:
 + Level 2.5 Fighting
 * Level 4.1 Long Blades
 - Level 1.7 Throwing
 + Level 3.2 Dodging
 - Level 0.2 Stealth
 + Level 0.7 Invocations


You had 3 spell levels left.
You didn't know any spells.
Your spell library was empty.

Dungeon Overview and Level Annotations

Branches:
Dungeon (3/15)

Altars:
Okawaru

Annotations:
D:3 Grinder


Innate Abilities, Weirdness & Mutations

Your plain brown scales are hard. (AC +5)
You cannot fit into any form of body armour.
You are cold-blooded and may be slowed by cold attacks.


Message History

Pain shoots through your body!
You can move again.
Grinder misses you.
You barely miss Grinder.
Grinder is lightly wounded.
Grinder closely misses you.
You barely miss Grinder.
Grinder is lightly wounded.
Grinder closely misses you.
You closely miss Grinder.
Grinder is lightly wounded.
Grinder says, "DUCK!"
Grinder hits you!
You writhe in agony.
* * * LOW HITPOINT WARNING * * *
You hit Grinder.
Your tail-slap misses Grinder.
Grinder is moderately wounded.
Grinder hits you.
* * * LOW HITPOINT WARNING * * *
You writhe in agony.
You die...

......##.......#.####
#####<##########.#..
#.# #.#.# #........
#.#.### #........
#.....# #........
###.#.##.# .........
#........# ##......K
#.###.#### .......
#@# .#
.......###5###.#
#.....†......#
#######)##.###
#######.##.#
#...w......#
###.##.......#
#......##.##.#
#.##.#.##.##.##.#


You could see Grinder.

Vanquished Creatures
  An adder (D:2)
  2 oozes (D:1)
  A worm (D:2)
  3 dart slugs
  A ball python (D:2)
  6 bats
  A giant cockroach (D:1)
  3 goblins
  3 hobgoblins
  9 jackals
  A quokka (D:3)
  A frilled lizard (D:1)
  6 kobolds
  4 rats
42 creatures vanquished.

Notes
Turn   | Place    | Note
-------+----------+-------------------------------------------
     0 | D:1      | potatosalad14 the Draconian Gladiator began the quest for
                  | the Orb.
     0 | D:1      | Reached XP level 1. HP: 17/17 MP: 1/1
   157 | D:1      | Reached XP level 2. HP: 14/24 MP: 2/2
   757 | D:1      | Reached XP level 3. HP: 29/29 MP: 3/3
  1216 | D:2      | Found an iron altar of Okawaru.
  1285 | D:2      | Became a worshipper of Warmaster Okawaru
  1404 | D:2      | Reached skill level 4 in Long Blades
  1824 | D:3      | Noticed Grinder
  1837 | D:3      | Reached XP level 4. HP: 27/37 MP: 4/4
  1855 | D:3      | Paralysed by Grinder for 3 turns
  1862 | D:3      | Slain by Grinder

Skill      XL: |  1  2  3 |
---------------+----------+-----
Dodging        | 3 |  3.2
Long Blades    | 4 |  4.1
Fighting       | |  2.5
Throwing       | |  1.7
Stealth        | |  0.2
Invocations    | |  0.7

Action                   |  1- 3 |  4- 6 || total
-------------------------+-------+-------++-------
Melee: Long sword        |   109 |    10 ||   119
       Tailslap          |    12 |       ||    12
 Stab: Sleeping          |     4 |       ||     4
  Eat: Chunk             |     3 |       ||     3
Armor: Skin              |    32 |     3 ||    35
Dodge: Dodged            |    82 |     4 ||    86
       Rpst.: Long sword |    22 |       ||    22
